AoeStats
← Tyto Alba

MegaRandom

504986837Analyzed
1v1 RM · 25d ago on Sep 7, 2026· 28m 22s· 2 players
Game mode
Random Map
Map size
Tiny (2 player)
Population
200
Speed
Normal
Resources
Standard
Victory
Conquest
Starting age
Dark Age
Ending age
Imperial Age
RankedLock teamsTeams togetherTeam positionsShared explorationLock speedFull tech treeHidden civsTurbo modeCheats
Victory
Defeat
🇩🇪 Gurjaras · Germany
1000
+16
🇪🇸 Franks · Spain
997
-16
psycomp3
4:08 Loom
14:18 Feudal Age
16:20 Wheelbarrow
16:48 Double-Bit Axe
16:57 Town Watch
17:58 Gold Mining
21:53 Forging
27:00 Scale Barding Armor
27:33 Fletching
Tyto Alba
10:25 Loom
13:06 Feudal Age
13:35 Man-at-Arms
15:45 Arson
16:04 Scale Mail Armor
17:41 Wheelbarrow
18:01 Horse Collar
18:38 Fletching
21:47 Forging
22:09 Padded Archer Armor
28:29 Castle Age
26:37 Fishing Lines
Connection lost

Rejoining the realm…

Still unreachable

The connection could not be restored.

Session expired

The server has moved on; the page needs a fresh start.